 Dungeon Crawl Stone Soup version 0.26-a0-1145-gf5f8a83f67 (webtiles) character file.

Game seed: 15666897022387389231

1719 Froggeryz the Ducker (level 9, -1/93 HPs)
             Began as a Gnoll Gladiator on Dec 22, 2020.
             Was a Follower of Okawaru.
             Slain by an orc warrior
             ... wielding a +0 dire flail
              (7 damage)
             ... on level 6 of the Dungeon.
             The game lasted 00:06:54 (5785 turns).

Froggeryz the Ducker (Gnoll Gladiator)              Turns: 5785, Time: 00:06:55

Health: -1/93      AC: 24    Str: 27    XL:     9   Next: 4%
Magic:  14/14      EV:  2    Int: 10    God:    Okawaru [*.....]
Gold:   331        SH:  0    Dex: 16    Spells: 15/15 levels left

rFire    . . .     SeeInvis .   m - +2 flail (venom)
rCold    . . .     Faith    .   (no shield)
rNeg     + + +     Spirit   .   (armour currently unavailable)
rPois    +         Reflect  .   (helmet currently unavailable)
rElec    .         Harm     .   (cloak currently unavailable)
rCorr    .         Rampage  .   (gloves currently unavailable)
Will     +....     NoTele   +   (boots currently unavailable)
Stlth    +++.......             (no amulet)
HPRegen  0.25/turn              g - ring of willpower
MPRegen  0.14/turn              e - +6 ring of strength (curse)

@: tree-form
A: distributed training, frail 1, strong nose
a: Renounce Religion, Heroism


You were on level 6 of the Dungeon.
You worshipped Okawaru.
Okawaru was aware of your devotion.
You were a tree.
You visited 2 branches of the dungeon, and saw 7 of its levels.

You collected 331 gold pieces.

Inventory:

Hand Weapons
 b - a +2 hand axe of freezing
 m - a +2 flail of venom (weapon)
 p - a +0 flail of protection
Missiles
 d - 3 throwing nets
 j - 13 poisoned darts (quivered)
 n - 11 javelins
Armour
 c - a +0 helmet
 f - a +2 scale mail of cold resistance (melded)
Jewellery
 e - a cursed +6 ring of strength (right branch)
 g - a ring of willpower (left branch)
 i - an uncursed ring of fire
Wands
 u - a wand of random effects (22)
 x - a wand of polymorph (10)
Scrolls
 h - 2 scrolls of identify
 k - a scroll of magic mapping {unknown}
 l - 5 scrolls of teleportation
 s - a scroll of fear {unknown}
 v - a scroll of amnesia {unknown}
 y - a scroll of random uselessness {unknown}
Potions
 a - a potion of lignification
 o - a potion of magic {unknown}
 q - a potion of heal wounds {unknown}
 r - a potion of degeneration {unknown}
 t - a potion of cancellation {unknown}
 w - a potion of resistance {unknown}


   Skills:
 + Level 6.0 Fighting
 + Level 3.8 Short Blades
 + Level 3.8 Long Blades
 + Level 3.8 Axes
 + Level 7.6 Maces & Flails
 + Level 3.8 Polearms
 + Level 3.8 Staves
 + Level 3.8 Slings
 + Level 3.8 Bows
 + Level 3.8 Crossbows
 + Level 6.0 Throwing
 + Level 3.8 Armour
 + Level 7.6 Dodging
 + Level 3.8 Stealth
 + Level 3.8 Shields
 + Level 3.8 Unarmed Combat
 + Level 3.8 Spellcasting
 + Level 3.1 Conjurations
 + Level 3.1 Hexes
 + Level 3.1 Summonings
 + Level 3.1 Necromancy
 + Level 3.1 Translocations
 + Level 3.1 Transmutations
 + Level 3.1 Fire Magic
 + Level 3.1 Ice Magic
 + Level 3.1 Air Magic
 + Level 3.1 Earth Magic
 + Level 3.1 Poison Magic
 + Level 4.2 Invocations
 + Level 3.8 Evocations


You had 15 spell levels left.
You didn't know any spells.
Your spell library contained the following spells:

 Spells                   Type           Power        Failure   Level
 Animate Skeleton         Necr           16%          7%          1
 Apportation              Tloc           16%          7%          1
 Corona                   Hex            8%           7%          1
 Shock                    Conj/Air       32%          7%          1
 Summon Small Mammal      Summ           32%          7%          1
 Swiftness                Air            8%           11%         2
 Static Discharge         Conj/Air       8%           22%         3
 Airstrike                Air            4%           56%         4
 Lightning Bolt           Conj/Air       4%           89%         5


Dungeon Overview and Level Annotations

Branches:
Dungeon (6/15)             Temple (1/1) D:4

Altars:
Cheibriados
Dithmenos
Elyvilon
Fedhas
Kikubaaqudgha
Nemelex Xobeh
Okawaru
Ru
Sif Muna
Trog
Uskayaw
Wu Jian
Xom
Yredelemnul
Zin
The Shining One

Annotations:
D:6 1 transporter


Innate Abilities, Weirdness & Mutations

Your experience applies equally to all skills.
((You have very sharp teeth.))
Your uncanny sense of smell can sniff out nearby items.
((You have a pair of small horns on your head.))
You are frail. (-10% HP)
((Your system is resistant to poisons. (rPois)))


Message History

* * * LOW HITPOINT WARNING * * *
It was a potion of lignification.
You turn into a tree.
Your +2 scale mail of cold resistance melds into your body.
You feel less resistant to cold.
Your roots penetrate the ground.
An adder comes into view.
The orc warrior hits you with a +0 dire flail.
* * * LOW HITPOINT WARNING * * *
The adder hisses angrily.
You hit the orc warrior but do no damage.
The orc warrior is poisoned.
The orc warrior is moderately wounded.
The orc warrior hits you with a +0 dire flail!
* * * LOW HITPOINT WARNING * * *
You hit the orc warrior but do no damage.
The orc warrior is moderately wounded.
The orc warrior hits you but does no damage.
You barely miss the orc warrior.
The orc warrior is moderately wounded.
The orc warrior hits you with a +0 dire flail!
You die...

........##. #...........
.#.# #.............#.#.
#....?..........#.
#...............#.≈ ≈.#
#.......##.....#.≈ ≈≈K#
##.......##S..#.#5≈ .≈5#
..!.....))....#.#o≈...≈o#
.......)♣o......####+####
................#P././.P#
####.....##.....#8P.©.P8#
########...#.#########
..........#.....©....
∆.^...................
....................<
.................#...
#######.).##....##...


You could see an orc warrior (poisoned) and an adder.

Vanquished Creatures
  Grinder (D:3)
  Sigmund (D:3)
  Eustachio (D:5)
  Menkaure (D:5)
  An ogre (D:6)
  A phantom (D:5)
  A bullfrog (D:6)
  A scorpion (D:4)
  A hound (D:4)
  4 orc priests
  3 orc wizards
  2 bullfrog skeletons
  Terence (D:2)
  Jessica (D:3)
  3 worker ants
  Natasha (thrice) (D:3)
  A hound zombie (D:4)
  15 gnolls
  A howler monkey skeleton (D:5)
  8 adders
  A white imp (D:5)
  An ooze (D:3)
  An adder skeleton (D:5)
  4 worms
  2 dart slugs (D:2)
  3 leopard geckos
  15 orcs
  2 ball pythons
  2 giant cockroaches
  6 goblins
  4 hobgoblins
  9 kobolds
  3 quokkas
  5 bats
  3 frilled lizards (D:3)
  7 rats
  A spectral orc (D:2)
120 creatures vanquished.

Vanquished Creatures (others)
  4 toadstools (D:1)
  A withered plant (D:4)
5 creatures vanquished.

Grand Total: 125 creatures vanquished

Notes
Turn   | Place    | Note
-------+----------+-------------------------------------------
     0 | D:1      | Froggeryz the Gnoll Gladiator began the quest for the Orb.
     0 | D:1      | Reached XP level 1. HP: 20/20 MP: 1/1
   314 | D:1      | Reached XP level 2. HP: 26/26 MP: 2/2
   853 | D:1      | Gained mutation: You tend to lose your temper in combat.
                  | [potion of mutation]
   853 | D:1      | Gained mutation: You occasionally shout uncontrollably at
                  | your foes. [potion of mutation]
   853 | D:1      | Gained mutation: Your body sometimes deteriorates upon
                  | taking damage. [potion of mutation]
   853 | D:1      | Gained mutation: You have a pair of small horns on your
                  | head. [potion of mutation]
   909 | D:2      | Noticed Terence
   926 | D:2      | Killed Terence
   927 | D:2      | Reached skill level 1 in Invocations
   927 | D:2      | Reached XP level 3. HP: 22/31 MP: 2/4
   952 | D:2      | Reached skill level 1 in Short Blades
   952 | D:2      | Reached skill level 1 in Long Blades
   952 | D:2      | Reached skill level 1 in Axes
   952 | D:2      | Reached skill level 1 in Polearms
   952 | D:2      | Reached skill level 1 in Staves
   952 | D:2      | Reached skill level 1 in Slings
   952 | D:2      | Reached skill level 1 in Bows
   952 | D:2      | Reached skill level 1 in Crossbows
   952 | D:2      | Reached skill level 1 in Armour
   952 | D:2      | Reached skill level 1 in Stealth
   952 | D:2      | Reached skill level 1 in Shields
   952 | D:2      | Reached skill level 1 in Unarmed Combat
   952 | D:2      | Reached skill level 1 in Spellcasting
   952 | D:2      | Reached skill level 1 in Evocations
  1029 | D:2      | Reached XP level 4. HP: 35/38 MP: 5/5
  1394 | D:2      | Found a basalt altar of Yredelemnul.
  1493 | D:2      | Lost mutation: You have a pair of small horns on your head.
                  | [potion of mutation]
  1493 | D:2      | Lost mutation: You tend to lose your temper in combat.
                  | [potion of mutation]
  1493 | D:2      | Lost mutation: Your body sometimes deteriorates upon taking
                  | damage. [potion of mutation]
  1493 | D:2      | Gained mutation: You are covered in fur. (AC +1) [potion of
                  | mutation]
  1493 | D:2      | Gained mutation: You are weak. (Str -2) [potion of
                  | mutation]
  1493 | D:2      | Gained mutation: Your spells are a little harder to cast,
                  | but a little more powerful. [potion of mutation]
  1589 | D:3      | Reached skill level 1 in Conjurations
  1589 | D:3      | Reached skill level 1 in Hexes
  1589 | D:3      | Reached skill level 1 in Summonings
  1589 | D:3      | Reached skill level 1 in Necromancy
  1589 | D:3      | Reached skill level 1 in Translocations
  1589 | D:3      | Reached skill level 1 in Transmutations
  1589 | D:3      | Reached skill level 1 in Fire Magic
  1589 | D:3      | Reached skill level 1 in Ice Magic
  1589 | D:3      | Reached skill level 1 in Air Magic
  1589 | D:3      | Reached skill level 1 in Earth Magic
  1589 | D:3      | Reached skill level 1 in Poison Magic
  1600 | D:3      | Reached XP level 5. HP: 23/43 MP: 6/6
  1927 | D:3      | Noticed Grinder
  1950 | D:3      | Noticed Jessica
  2165 | D:3      | Killed Jessica
  2166 | D:3      | Reached XP level 6. HP: 37/50 MP: 8/8
  2384 | D:3      | Noticed Sigmund
  2394 | D:3      | Killed Sigmund
  2395 | D:3      | Reached skill level 5 in Fighting
  2395 | D:3      | Reached skill level 5 in Throwing
  2511 | D:3      | Found a faded altar of an unknown god.
  2566 | D:3      | Paralysed by Grinder for 3 turns
  2587 | D:3      | Killed Grinder
  2588 | D:3      | Reached XP level 7. HP: 51/56 MP: 10/10
  2692 | D:3      | Noticed Natasha
  2696 | D:3      | Killed Natasha
  2776 | D:3      | Found a shadowy altar of Dithmenos.
  2827 | D:3      | Found a glowing golden altar of the Shining One.
  2827 | D:3      | Found a glowing silver altar of Zin.
  2827 | D:3      | Found a white marble altar of Elyvilon.
  3040 | D:3      | Noticed Natasha
  3045 | D:3      | Killed Natasha
  3192 | D:3      | Noticed Natasha
  3202 | D:3      | Killed Natasha
  3235 | D:4      | Found a staircase to the Ecumenical Temple.
  3248 | Temple   | Entered the Ecumenical Temple
  3314 | Temple   | Became a worshipper of Warmaster Okawaru
  3644 | D:4      | Found an ancient bone altar of Kikubaaqudgha.
  3734 | D:4      | Lost mutation: You are weak. (Str -2) [potion of mutation]
  3734 | D:4      | Lost mutation: You occasionally shout uncontrollably at
                  | your foes. [potion of mutation]
  3734 | D:4      | Gained mutation: You are frail. (-10% HP) [potion of
                  | mutation]
  3734 | D:4      | Gained mutation: You are partially covered in iridescent
                  | scales. (AC +2) [potion of mutation]
  3735 | D:4      | Lost mutation: You are frail. (-10% HP) [potion of
                  | mutation]
  3735 | D:4      | Lost mutation: Your spells are a little harder to cast, but
                  | a little more powerful. [potion of mutation]
  3735 | D:4      | Lost mutation: You are covered in fur. (AC +1) [potion of
                  | mutation]
  3735 | D:4      | Lost mutation: You are partially covered in iridescent
                  | scales. (AC +2) [potion of mutation]
  3735 | D:4      | Gained mutation: Your system is resistant to poisons.
                  | (rPois) [potion of mutation]
  3735 | D:4      | Gained mutation: You are frail. (-10% HP) [potion of
                  | mutation]
  3735 | D:4      | Gained mutation: You have a pair of small horns on your
                  | head. [potion of mutation]
  3890 | D:4      | Reached XP level 8. HP: 17/56 MP: 12/12
  4632 | D:5      | Entered Level 5 of the Dungeon
  4632 | D:5      | Noticed Menkaure
  4638 | D:5      | Killed Menkaure
  4833 | D:5      | Noticed Eustachio
  4844 | D:5      | Killed Eustachio
  4844 | D:5      | Reached * piety under Okawaru
  4999 | D:5      | Found a sacrificial altar of Ru.
  5564 | D:6      | Noticed a kobold demonologist
  5574 | D:6      | Found a transporter.
  5759 | D:6      | Noticed a kobold demonologist
  5775 | D:6      | Reached XP level 9. HP: 39/62 MP: 14/14
  5785 | D:6      | Slain by an orc warrior

Illustrated notes

Levels and vault maps discovered:
D:1:      ldierk_walled_garden_2, layout_loops_corners
D:2:      layout_rooms, yredelemnul_forgotten_temple_becter, uniq_terence
D:3:      layout_basic, good_gods_mini_temple, overflow_temple_1_default,
          chequers_ecumenical_altar_simple_redux, uniq_natasha, uniq_jessica,
          uniq_grinder, uniq_sigmund
D:4:      layout_loops_ring, kiku_gazebo_garden_becter,
          minmay_temple_entry_offerings, kennysheep_generic_room_9
D:5:      layout_cave_pods, nicolae_ru_sacrificial_ziggurat, uniq_eustachio,
          uniq_menkaure
D:6:      gammafunk_wand_slinger, layout_gridville, serial_shops, shop
Temple:   jpeg_temple_island

Skill      XL: |  1  2  3  4  5  6  7  8 |
---------------+-------------------------+-----
Invocations    | 1 2 3 4 |  4.2
Short Blades   | 1 2 3 |  3.8
Long Blades    | 1 2 3 |  3.8
Axes           | 1 2 3 |  3.8
Polearms       | 1 2 3 |  3.8
Staves         | 1 2 3 |  3.8
Slings         | 1 2 3 |  3.8
Bows           | 1 2 3 |  3.8
Crossbows      | 1 2 3 |  3.8
Armour         | 1 2 3 |  3.8
Stealth        | 1 2 3 |  3.8
Shields        | 1 2 3 |  3.8
Unarmed Combat | 1 2 3 |  3.8
Spellcasting   | 1 2 3 |  3.8
Evocations     | 1 2 3 |  3.8
Conjurations   | 1 2 3 |  3.1
Hexes          | 1 2 3 |  3.1
Summonings     | 1 2 3 |  3.1
Necromancy     | 1 2 3 |  3.1
Translocations | 1 2 3 |  3.1
Transmutations | 1 2 3 |  3.1
Fire Magic     | 1 2 3 |  3.1
Ice Magic      | 1 2 3 |  3.1
Air Magic      | 1 2 3 |  3.1
Earth Magic    | 1 2 3 |  3.1
Poison Magic   | 1 2 3 |  3.1
Fighting       | 5 6 |  6.0
Throwing       | 5 6 |  6.0
Maces & Flails | 7 |  7.6
Dodging        | 7 |  7.6

Action                   |  1- 3 |  4- 6 |  7- 9 || total
-------------------------+-------+-------+-------++-------
Melee: Flail             |    33 |    65 |   119 ||   217
       Headbutt          |     3 |     4 |    32 ||    39
       Bite              |     3 |     8 |    22 ||    33
       Hand axe          |    10 |    65 |    61 ||   136
       Punch             |       |       |     1 ||     1
Throw: Throwing net      |     5 |     3 |       ||     8
       Javelin           |       |     3 |       ||     3
  Use: Potion            |     3 |     1 |     3 ||     7
       Scroll            |     2 |     3 |       ||     5
 Stab: Sleeping          |     1 |       |       ||     1
       Held in net/web   |     1 |     1 |       ||     2
Armor: Leather armour    |     1 |       |       ||     1
       Ring mail         |     4 |       |       ||     4
       Scale mail        |     3 |    50 |    49 ||   102
       Skin              |       |       |     1 ||     1
Dodge: Dodged            |    22 |    84 |   143 ||   249

Table legend: (Time is in decaauts)
 A = Elapsed time spent in this place.
 B = Non-inter-level travel time spent in this place.
 C = Inter-level travel time spent in this place.
 D = Time resting spent in this place.
 E = Time spent auto-exploring this place.
 F = Levels seen in this place.
 G = Mean time per level.
                   A        B        C        D        E       F      G
               +--------+--------+--------+--------+--------+-----+--------+
         Total |   5862 |   5495 |    367 |    928 |   3677 |   7 |  837.4 |
       Dungeon |   5591 |   5267 |    324 |    928 |   3460 |   6 |  931.8 |
        Temple |    270 |    227 |     43 |      0 |    217 |   1 |  270.0 |
               +--------+--------+--------+--------+--------+-----+--------+

Top non-repeatable levels by time:
     D:3: 1705 daAuts
     D:4: 1169 daAuts
     D:5: 929 daAuts
     D:1: 899 daAuts
     D:2: 664 daAuts
  Temple: 270 daAuts
     D:6: 223 daAuts
